 Dungeon Crawl Stone Soup version 0.25-a0-591-g2ad0d861f1 (webtiles) character file.

Game seed: 15148049916188255435, levelgen mode: deterministic

78636 Mehrunes the Black Sun (level 15, -3/108 HPs)
             Began as a Deep Dwarf Necromancer on Mar 14, 2020.
             Was a High Priest of Kikubaaqudgha.
             Slain by a skeletal warrior
             ... wielding a +0 trident
              (7 damage)
             ... on level 15 of the Dungeon.
             The game lasted 02:21:02 (38449 turns).

Mehrunes the Black Sun (Deep Dwarf Necromancer)    Turns: 38449, Time: 02:21:03

Health: -3/108     AC: 13    Str: 13    XL:     15   Next: 18%
Magic:  19/24      EV: 17    Int: 21    God:    Kikubaaqudgha [*****.]
Gold:   1118       SH: 13    Dex: 11    Spells: 4/29 levels left

rFire    + . .     SeeInvis .   E - +9 dagger (pain)
rCold    . . .     Gourm    .   t - +2 kite shield
rNeg     + . .     Faith    +   r - +1 ring mail of the New World {+Blink rF+} (curse)
rPois    +         Spirit   .   (helmet restricted)
rElec    .         Reflect  .   T - +1 cloak {rPois}
rCorr    .         Harm     .   (no gloves)
MR       +++..                  Z - +0 pair of boots
Stlth    +.........             V - amulet of faith
HPRegen  0.00/turn              b - ring of protection from magic
MPRegen  0.19/turn              m - +3 ring of evasion

@: non-regenerating, slowed, very slow
A: damage resistance, heal wounds, antennae 1, clumsy 1, negative energy
resistance 1, sense surroundings 2, shaggy fur 1, no regeneration
a: Heal Wounds, Receive Corpses, Torment, Renounce Religion, Evoke Blink


You were on level 15 of the Dungeon.
You worshipped Kikubaaqudgha.
Kikubaaqudgha was extremely pleased with you.
You were hungry.

You visited 2 branches of the dungeon, and saw 21 of its levels.

You collected 1254 gold pieces.
You spent 136 gold pieces at shops.

Inventory:

Hand Weapons
 g - the +12 flail of the Many Friends {flame, Dex+5 SInv}
   (You took it off an orc wizard on level 10 of the Dungeon)

   It has been specially enchanted to burn those struck by it, causing extra
   injury to most foes and up to half again as much damage against particularly
   susceptible opponents.
   It affects your dexterity (+5).
   It lets you see invisible.
 D - the +4 rapier of Dishonesty {elec, rF- Dex+7}
   (You found it on level 4 of the Dungeon)

   Occasionally, upon striking a foe, it will discharge some electrical energy
   and cause terrible harm.
   It affects your dexterity (+7).
   It makes you vulnerable to fire.
 E - a +9 dagger of pain (weapon)
Armour
 h - a +0 helmet
 r - the cursed +1 ring mail of the New World (worn) {+Blink rF+}
   (You found it on level 6 of the Lair of Beasts)

   It protects you from fire.
   It lets you blink.
   It has a curse placed upon it.
 t - a +2 kite shield (worn)
 B - a +2 leather armour of fire resistance
 T - a +1 cloak of poison resistance (worn)
 Y - +0 acid dragon scales
 Z - a +0 pair of boots (worn)
Jewellery
 b - a ring of protection from magic (left hand)
 d - an uncursed ring of positive energy
 m - a +3 ring of evasion (right hand)
 s - an uncursed ring of resist corrosion
 x - an uncursed ring of ice
 z - an uncursed amulet of regeneration {unknown}
 F - a +2 amulet of reflection
 R - an uncursed ring of protection from cold
 V - an amulet of faith (around neck)
Wands
 i - a wand of polymorph (10)
 y - a wand of clouds (7)
 C - a wand of flame (51)
 I - a wand of iceblast (5)
 J - a wand of acid (16)
 S - a wand of disintegration (28)
Scrolls
 e - 4 scrolls of fog
 f - 3 scrolls of magic mapping
 k - 4 scrolls of fear
 o - 7 scrolls of remove curse
 p - 2 scrolls of blinking
 q - a scroll of immolation {unknown}
 u - a scroll of identify
 G - 12 scrolls of teleportation
 K - 2 scrolls of silence
 M - a scroll of enchant armour {unknown}
 O - a scroll of torment {unknown}
 P - a scroll of brand weapon
 X - a scroll of holy word {unknown}
Potions
 a - a potion of stabbing {unknown}
 j - 5 potions of curing
 n - 2 potions of ambrosia {unknown}
 v - 2 potions of invisibility
 w - a potion of berserk rage {unknown}
 A - 3 potions of might
 H - a potion of brilliance {unknown}
 N - 5 potions of haste
 Q - a potion of cancellation {unknown}
 U - a potion of magic {unknown}
 W - 3 potions of mutation
Miscellaneous
 l - a crystal ball of energy
Comestibles
 c - 19 rations


   Skills:
 - Level 10.0 Short Blades
 - Level 10.1 Armour
 - Level 10.0 Dodging
 - Level 2.4 Stealth
 - Level 10.3 Shields
 - Level 7.6 Spellcasting
 + Level 14.2 Necromancy
 + Level 9.1 Ice Magic
 - Level 9.3 Earth Magic
 - Level 4.0 Evocations


You had 4 spell levels left.
You knew the following spells:

 Your Spells              Type           Power        Failure   Level  Hunger
a - Pain                  Necr           ####         1%          1    None
b - Animate Skeleton      Necr           N/A          1%          1    None
c - Vampiric Draining     Necr           ######....   1%          3    None
d - Animate Dead          Necr           N/A          1%          4    ###....
e - Agony                 Necr           ######..     2%          5    #####..
f - Simulacrum            Ice/Necr       ######....   34%         6    ######.
g - Borgnjor's Vile Clut  Necr/Erth      ######....   6%          5    #####..

Your spell library contained the following spells:

 Spells                   Type           Power        Failure   Level  Hunger
 Sublimation of Blood     Necr           ######....   1%          2    None
 Dispel Undead            Necr           ######..     1%          4    ###....
 Corpse Rot               Necr/Air       N/A          2%          2    None
 Ozocubu's Armour         Chrm/Ice       ####....     13%         3    None
 Apportation              Tloc           #.....       28%         1    None
 Corona                   Hex            #......      28%         1    None
 Infusion                 Chrm           #...         28%         1    None
 Magic Dart               Conj           #...         28%         1    None
 Sting                    Tmut/Pois      #...         28%         1    None
 Summon Small Mammal      Summ           #...         28%         1    None
 Blink                    Tloc           N/A          38%         2    None
 Call Imp                 Summ           #.......     38%         2    None
 Poisonous Vapours        Pois/Air       #.....       38%         2    None
 Shroud of Golubria       Chrm/Tloc      #.....       38%         2    None
 Slow                     Hex            #.......     38%         2    None
 Song of Slaying          Chrm           #.......     38%         2    None
 Conjure Flame            Conj/Fire      #.......     63%         3    None
 Ignite Poison            Fire/Tmut/Pois #.......     63%         3    None
 Mephitic Cloud           Conj/Pois/Air  #.......     63%         3    None
 Recall                   Summ/Tloc      N/A          63%         3    None
 Spectral Weapon          Hex/Chrm       #.......     63%         3    None
 Static Discharge         Conj/Air       #.......     63%         3    None
 Teleport Other           Tloc           #.......     63%         3    None
 Tukima's Dance           Hex            #.......     63%         3    None
 Olgreb's Toxic Radiance  Pois           #.......     95%         4    ###....
 Death Channel            Necr           ######....   12%         6    ######.
 Excruciating Wounds      Chrm/Necr      #####.....   38%         5    #####..
 Freezing Cloud           Conj/Ice/Air   ###.......   100%        6    ######.
 Ring of Flames           Chrm/Fire      #.........   100%        7    #######


Dungeon Overview and Level Annotations

Branches:
Dungeon (15/15)            Temple (0/1) D:6            Lair (6/6) D:11
 Shoals (0/4) Lair:4       Spider (0/4) Lair:4        Slime (0/5) Lair:6
    Orc (0/2) D:11         Vaults (0/5) D:14
 Depths: D:15

Altars:
Cheibriados
Dithmenos
Elyvilon
Fedhas
Gozag
Hepliaklqana
Kikubaaqudgha
Nemelex Xobeh
Okawaru
Qazlal
Sif Muna
Uskayaw
Vehumet
Wu Jian
Xom
Yredelemnul
Zin

Shops:
D:5 [   D:7 *   D:13 :

Portals:
Abyss: D:4
Trove: D:12 (give 19 potions of curing)

Annotations:
D:4 2 transporters, patman's ghost, novice HaBe
D:10 Josephine
Lair:2 exclusion: oklob plant
Lair:5 exclusion: oklob plant


Innate Abilities, Weirdness & Mutations

You are resistant to damage.
You can heal yourself by infusing magical energy.
You resist negative energy. (rN+)
You passively map the area around you.
You do not regenerate.
You have a pair of small antennae on your head.
You are clumsy. (Dex -2)
You are covered in fur. (AC +1)


Message History

You hit the freezing wraith but do no damage.
The freezing wraith is lightly damaged.
The skeletal warrior hits you from afar with a +0 trident!
Your hound zombie closely misses the freezing wraith.
The freezing wraith hits you!
* * * LOW HITPOINT WARNING * * *
The freezing wraith freezes you!!
* * * LOW HITPOINT WARNING * * *
You block the freezing wraith's attack.
Your hound zombie bites the freezing wraith but does no damage.
Your rat zombie bites the freezing wraith but does no damage.
Your hound zombie closely misses the freezing wraith.
Your hound zombie bites the freezing wraith but does no damage.
The freezing wraith closely misses you. The freezing wraith misses you.
Your rat zombie barely misses the freezing wraith.
Your hound zombie completely misses the freezing wraith.
Your hound zombie bites the freezing wraith but does no damage.
The skeletal warrior hits you from afar with a +0 trident!
You die...
Kikubaaqudgha rasps: "You have failed me!
Welcome... death!"

, * ≈ , , * , *,* ,, ≈
,, < * ≈ ≈ ##+#+ ,,* * *
#.#.##*,, ##########
.....#+ #........#
..P⌠..# * *#..<....#*
§.8P.#+ * #.@.<..##
.§P...# #.W....#
..§.§##, , #zZ#..##
÷#3#.# ≈ ≈ #Z.....#
#'#§## *##* #.#.#..#
.#.#.##* #.## #......#
...z3.#{e3.. #..#...##
...#.#'#.4#W.##.......#
......#.4.....#.#.#...##


You could see a skeletal warrior, a freezing wraith, a friendly rat zombie and a
friendly hound zombie.

Vanquished Creatures
  A tengu reaver (D:15)
  A sphinx (D:15)
  An ironheart preserver (D:14)
  A dire elephant (Lair:6)
  Snorg (D:9)
  7 hydras
  Harold (D:9)
  Erica (D:10)
  A great orb of eyes (D:15)
  2 centaur warriors
  A queen ant (Lair:2)
  5 death yaks
  Urug (D:10)
  A deep troll (D:15)
  A sea snake (Lair:6)
  5 unseen horrors
  2 harpies (Lair:6)
  A wolf spider zombie (D:15)
  3 deep elf magi
  An ugly thing (D:14)
  2 cyclopes
  A manticore (shapeshifter) (D:15)
  7 manticores
  3 gargoyles
  9 elephants
  Psyche (D:9)
  4 black mambas
  An eye of devastation (Lair:6)
  A guardian serpent (shapeshifter) (D:15)
  10 spiny frogs
  2 kobold demonologists
  3 rime drakes
  14 komodo dragons
  2 trolls
  A meliai (D:15)
  4 jumping spiders (Lair:4)
  3 polar bears
  A hornet (Lair:6)
  5 dream sheep (Lair:4)
  8 blink frogs
  Prince Ribbit (D:5)
  6 slime creatures
  5 hippogriffs
  A meliai zombie (D:15)
  Sigmund (D:4)
  22 yaks
  4 wraiths
  3 redbacks (Lair:4)
  A vampire (D:14)
  3 wyverns
  Grum (D:11)
  2 hungry ghosts
  A human (D:2)
  2 basilisks
  A steam dragon (D:10)
  8 vampire mosquitoes
  2 acid dragons
  8 water moccasins
  14 soldier ants (Lair:2)
  Duvessa (D:4)
  6 porcupines
  An eye of draining (D:13)
  5 sky beasts
  A black bear (shapeshifter) (D:15)
  5 orc warriors
  An ice beast (D:5)
  3 phantoms
  2 necrophages
  7 ogres
  5 black bears
  11 wolves
  3 centaurs
  7 crocodiles
  17 bullfrogs
  8 big kobolds
  Blork the orc (D:6)
  Dowan (D:4)
  A water moccasin zombie (D:9)
  3 scorpions
  8 killer bees
  2 electric eels (Lair:5)
  6 wights
  8 crimson imps
  3 centaur zombies
  3 quasits
  2 bullfrog skeletons
  7 centaur skeletons
  6 orc priests
  Ijyb (D:4)
  4 hounds
  4 jellies
  5 iguanas
  10 orc wizards
  32 worker ants
  A killer bee zombie (D:6)
  3 gnolls (D:3)
  2 worker ant zombies (D:11)
  10 adders
  3 river rats (Lair:6)
  3 shadow imps
  An adder zombie (D:8)
  2 worms
  2 dart slugs (D:1)
  4 leopard geckos
  45 orcs
  9 giant cockroaches
  13 goblins
  3 hobgoblins
  5 quokkas
  A ball python (D:1)
  8 bats
  4 frilled lizards
  A goblin skeleton (D:2)
  A jackal skeleton (D:4)
  35 kobolds
  A leopard gecko zombie (D:6)
  A rat (D:2)
  A fungus (Lair:5)
  A plant (Lair:5)
556 creatures vanquished.

Vanquished Creatures (collateral kills)
  A very ugly thing (D:15)
  Nessos (Lair:6)
  A hydra (D:15)
  A merfolk avatar (Lair:6)
  4 death yaks
  A skeletal warrior (D:14)
  An orc knight (D:15)
  A cyclops (D:15)
  2 elephants
  2 gargoyles
  A black mamba (Lair:3)
  2 spiny frogs
  2 rime drakes (Lair:6)
  6 komodo dragons
  A kobold demonologist (D:11)
  A troll (D:11)
  5 blink frogs
  2 redbacks (Lair:4)
  A wraith (D:10)
  A wyvern (Lair:6)
  8 yaks
  A water moccasin (Lair:6)
  4 porcupines
  An orc warrior (D:12)
  2 eyes of draining
  4 crocodiles
  A big kobold (D:11)
  A bullfrog (Lair:6)
  A wight (D:15)
  A crimson imp (D:15)
  A river rat (Lair:6)
  7 orcs
  A hobgoblin (D:1)
  2 kobolds (D:1)
  A rat (D:1)
  3 fungi
  2 plants
78 creatures vanquished.

Vanquished Creatures (others)
  A centaur skeleton (D:15)
  A sky beast (D:11)
  A killer bee zombie (D:7)
  A kobold (D:11)
  32 fungi
  27 plants
63 creatures vanquished.

Grand Total: 697 creatures vanquished

Notes
Turn   | Place    | Note
-------+----------+-------------------------------------------
     0 | D:1      | Mehrunes the Deep Dwarf Necromancer began the quest for the
                  | Orb.
     0 | D:1      | Reached XP level 1. HP: 15/15 MP: 3/3
     2 | D:1      | Learned a level 1 spell: Animate Skeleton
   238 | D:1      | Reached XP level 2. HP: 22/22 MP: 0/4
   244 | D:1      | Reached skill level 5 in Necromancy
   690 | D:1      | Reached XP level 3. HP: 17/28 MP: 3/5
   695 | D:1      | Learned a level 3 spell: Vampiric Draining
  1035 | D:2      | Found a runed translucent door.
  1036 | D:2      | Noticed a human
  1317 | D:2      | Found a basalt altar of Yredelemnul.
  1361 | D:2      | Killed a human
  1361 | D:2      | Reached skill level 6 in Necromancy
  1361 | D:2      | Reached XP level 4. HP: 16/36 MP: 2/8
  1361 | D:2      | Reached XP level 5. HP: 19/42 MP: 2/9
  1531 | D:2      | Found an opulent altar of Gozag.
  1534 | D:2      | Found a hide-covered altar of Uskayaw.
  1537 | D:2      | Found a white marble altar of Elyvilon.
  1540 | D:2      | Found a hazy altar of Hepliaklqana.
  1983 | D:2      | Found an iron altar of Okawaru.
  3283 | D:3      | Reached XP level 6. HP: 35/49 MP: 7/11
  3870 | D:4      | Noticed Sigmund
  3875 | D:4      | Killed Sigmund
  3875 | D:4      | Reached skill level 7 in Necromancy
  3898 | D:4      | Found a blossoming altar of Fedhas.
  4104 | D:4      | Reached XP level 7. HP: 50/55 MP: 0/13
  4261 | D:4      | Identified the +6 whip "Canuck" {distort, MP+9 Int-3 Dex+4}
  4273 | D:4      | Noticed patman's ghost (novice HaBe)
  4287 | D:4      | Found a transporter.
  4287 | D:4      | Found a one-way gate to the infinite horrors of the Abyss.
  4289 | D:4      | Found a transporter.
  4311 | D:4      | Found a radiant altar of Vehumet.
  4315 | D:4      | Noticed Ijyb
  4342 | D:4      | Killed Ijyb
  4342 | D:4      | Reached skill level 8 in Necromancy
  4820 | D:4      | Got a smoking rapier
  4821 | D:4      | Identified the +4 rapier of Dishonesty {elec, rF- Dex+7}
                  | (You found it on level 4 of the Dungeon)
  4827 | D:4      | Learned a level 4 spell: Animate Dead
  4833 | D:4      | Learned a level 5 spell: Agony
  4965 | D:4      | Noticed Dowan
  4965 | D:4      | Noticed Duvessa
  4983 | D:4      | Killed Duvessa
  4998 | D:4      | Killed Dowan
  5389 | D:5      | Entered Level 5 of the Dungeon
  5416 | D:5      | Reached skill level 9 in Necromancy
  5789 | D:5      | Noticed Prince Ribbit
  5796 | D:5      | Killed Prince Ribbit
  5796 | D:5      | Reached XP level 8. HP: 23/62 MP: 1/14
  5914 | D:5      | Reached skill level 10 in Necromancy
  6550 | D:5      | Found Monne's Antique Armour Boutique.
  6559 | D:5      | Bought an opalescent robe for 136 gold pieces
  6569 | D:5      | Identified the cursed +1 robe of Tuulug {+Inv rF- Regen+
                  | Str+7} (You bought it in a shop on level 5 of the Dungeon)
  6821 | D:6      | Reached skill level 11 in Necromancy
  7130 | D:6      | Found an ancient bone altar of Kikubaaqudgha.
  7137 | D:6      | Became a worshipper of Kikubaaqudgha
  7164 | D:6      | Reached skill level 12 in Necromancy
  7329 | D:6      | Found a staircase to the Ecumenical Temple.
  7455 | D:6      | Noticed Blork the orc
  7459 | D:6      | Gained mutation: You passively map the area around you.
                  | [Deep Dwarf growth]
  7459 | D:6      | Reached XP level 9. HP: 49/68 MP: 8/15
  7476 | D:6      | Killed Blork the orc
  8134 | D:7      | Reached skill level 1 in Short Blades
  8259 | D:7      | Found an ornate altar of the Wu Jian Council.
  8471 | D:7      | Found Maorej's General Store.
  8898 | D:7      | Found a glowing silver altar of Zin.
  8917 | D:7      | Found a sparkling altar of Nemelex Xobeh.
  9194 | D:7      | Reached * piety under Kikubaaqudgha
  9194 | D:7      | Identified Kikubaaqudgha's Incunabulum of Darkness
                  | (Kikubaaqudgha gifted it to you on level 7 of the Dungeon)
  9194 | D:7      | Received a gift from Kikubaaqudgha
  9468 | D:8      | Reached skill level 5 in Spellcasting
 10128 | D:8      | Reached skill level 5 in Short Blades
 10793 | D:9      | Noticed Harold
 10815 | D:9      | Killed Harold
 10815 | D:9      | Reached XP level 10. HP: 70/75 MP: 6/18
 11329 | D:9      | Found a stormy altar of Qazlal.
 11763 | D:9      | Found a shadowy altar of Dithmenos.
 12094 | D:9      | Noticed Psyche
 12102 | D:9      | Killed Psyche
 12277 | D:10     | Entered Level 10 of the Dungeon
 12285 | D:10     | Noticed Snorg
 12348 | D:10     | Noticed Erica
 12553 | D:10     | Noticed a gargoyle
 12661 | D:10     | Killed Erica
 12661 | D:10     | Reached skill level 13 in Necromancy
 12725 | D:10     | Killed a gargoyle
 12836 | D:10     | Identified the +12 flail of the Many Friends {flame, Dex+5
                  | SInv}
 12966 | D:9      | Killed Snorg
 13232 | D:10     | Noticed Urug
 13252 | D:10     | Killed Urug
 13252 | D:10     | Reached skill level 5 in Shields
 13395 | D:10     | Noticed Josephine
 13705 | D:11     | Reached XP level 11. HP: 81/81 MP: 1/19
 13707 | D:11     | Reached skill level 5 in Dodging
 13731 | D:11     | Found a staircase to the Lair.
 14347 | D:11     | Found a staircase to the Orcish Mines.
 14390 | D:11     | Reached ** piety under Kikubaaqudgha
 14487 | D:11     | Noticed Grum
 14506 | D:11     | Killed Grum
 15116 | D:11     | Killed an unseen horror
 15412 | D:11     | Found an ornate altar of the Wu Jian Council.
 15568 | D:11     | Identified Easy Spellcasting
 16144 | D:12     | Noticed a six-headed hydra
 16264 | Lair:1   | Entered Level 1 of the Lair of Beasts
 16569 | Lair:1   | You fall into a shaft and drop 1 floor!
 16597 | Lair:1   | Reached skill level 5 in Armour
 16657 | Lair:1   | Found a shimmering blue altar of Sif Muna.
 17788 | Lair:2   | Noticed an oklob plant
 18159 | Lair:2   | Reached *** piety under Kikubaaqudgha
 18159 | Lair:2   | Identified Kikubaaqudgha's Collected Works on Black Rituals
                  | (Kikubaaqudgha gifted it to you on level 2 of the Lair of
                  | Beasts)
 18159 | Lair:2   | Received a gift from Kikubaaqudgha
 18170 | Lair:2   | Learned a level 6 spell: Simulacrum
 18327 | Lair:2   | Noticed a queen ant
 18356 | Lair:2   | Reached XP level 12. HP: 88/88 MP: 6/19
 18488 | Lair:2   | Killed a queen ant
 19085 | Lair:2   | Reached skill level 1 in Ice Magic
 20103 | Lair:3   | Reached skill level 10 in Shields
 20109 | Lair:3   | Reached **** piety under Kikubaaqudgha
 20586 | Lair:3   | Noticed a death yak
 20586 | Lair:3   | Noticed a death yak
 20587 | Lair:3   | Noticed a death yak
 20587 | Lair:3   | Noticed a death yak
 20796 | Lair:3   | Noticed a death yak
 20817 | Lair:2   | Killed a death yak
 20980 | Lair:3   | Noticed a death yak
 20987 | Lair:3   | Killed a death yak
 20991 | Lair:3   | Killed a death yak
 21144 | Lair:3   | Killed a death yak
 21552 | Lair:3   | Killed a death yak
 21570 | Lair:3   | Killed a death yak
 22141 | Lair:4   | Found a staircase to the Shoals.
 22391 | Lair:4   | Reached XP level 13. HP: 59/94 MP: 0/20
 22396 | Lair:4   | Reached skill level 10 in Armour
 22870 | Lair:4   | Reached skill level 1 in Evocations
 23339 | Lair:4   | Found a hole to the Spider Nest.
 24149 | Lair:5   | Reached ***** piety under Kikubaaqudgha
 24716 | Lair:5   | Found an ornate altar of the Wu Jian Council.
 24925 | Lair:5   | Reached skill level 5 in Ice Magic
 24928 | Lair:5   | Reached skill level 10 in Dodging
 25335 | Lair:6   | Entered Level 6 of the Lair of Beasts
 26232 | Lair:6   | Got a crude ring mail
 26244 | Lair:6   | Identified the cursed +1 ring mail of the New World {+Blink
                  | rF+} (You found it on level 6 of the Lair of Beasts)
 26952 | Lair:6   | Noticed a dire elephant
 27775 | Lair:6   | Learned a level 5 spell: Borgnjor's Vile Clutch
 27781 | Lair:6   | Found a staircase to the Slime Pits.
 27817 | Lair:6   | Reached skill level 1 in Earth Magic
 28260 | Lair:6   | Noticed Nessos
 28275 | Lair:6   | Killed Nessos
 28275 | Lair:6   | Gained mutation: You resist negative energy. (rN+) [Deep
                  | Dwarf growth]
 28275 | Lair:6   | Reached XP level 14. HP: 67/102 MP: 6/22
 28324 | Lair:6   | Reached skill level 5 in Earth Magic
 29596 | Lair:6   | Got a shimmering hunting sling
 29611 | Lair:6   | Identified the +8 hunting sling of Discomfort {freeze,
                  | Dex+2} (You found it on level 6 of the Lair of Beasts)
 30303 | D:12     | Found a portal to a secret trove of treasure.
 31677 | D:13     | Found a shimmering altar of Xom.
 31934 | D:13     | Found a shimmering altar of Xom.
 31934 | D:13     | Found a shimmering altar of Xom.
 32615 | D:13     | Found Ytugelee's Book Shoppe.
 34278 | D:14     | Found a gate to the Vaults.
 34278 | D:14     | Noticed an ironheart preserver
 34305 | D:14     | Killed an ironheart preserver
 34773 | D:14     | Reached ****** piety under Kikubaaqudgha
 35030 | D:13     | Identified a +6 dagger of pain (a +4 dagger of chaos
                  | bloodied by Kikubaaqudgha)
 35030 | D:13     | Received a gift from Kikubaaqudgha
 35964 | D:15     | Entered Level 15 of the Dungeon
 36680 | D:15     | Found an iron altar of Okawaru.
 36680 | D:15     | Found a snail-covered altar of Cheibriados.
 36681 | D:15     | Found an ancient bone altar of Kikubaaqudgha.
 36691 | D:15     | Noticed a purple very ugly thing
 36705 | D:15     | Killed a purple very ugly thing
 36960 | D:15     | Reached skill level 10 in Short Blades
 37157 | D:15     | Noticed a sphinx
 37178 | D:15     | Killed a sphinx
 37178 | D:15     | Reached XP level 15. HP: 78/108 MP: 4/24
 37630 | D:15     | Reached skill level 14 in Necromancy
 37745 | D:15     | Noticed a tengu reaver
 37765 | D:15     | Killed a tengu reaver
 37979 | D:15     | Gained mutation: You have a pair of small antennae on your
                  | head. [potion of mutation]
 37979 | D:15     | Gained mutation: You are clumsy. (Dex -2) [potion of
                  | mutation]
 37979 | D:15     | Gained mutation: You are covered in fur. (AC +1) [potion of
                  | mutation]
 38446 | D:15     | HP: 4/108 [freezing wraith (21)]
 38449 | D:15     | Slain by a skeletal warrior

Levels and vault maps discovered:
D:1:      roderic_octagonal_star, layout_basic, hangedman_feature_mirror
D:2:      layout_basic, kennysheep_okawaru_gauntlet,
          grunt_temple_overflow_cloverleaf, first_ration, dk_yredelemnul_ordeal
D:3:      layout_basic
D:4:      layout_loops_ring, vehumet_altar_wand_db, fedhas_altar_3,
          gammafunk_ghost_abyssal_escape, uniq_duvessa, uniq_ijyb, uniq_sigmund
D:5:      layout_loops_ring, serial_shops, shop_fountains, uniq_prince_ribbit1
D:6:      layout_rooms, kiku_gazebo_pond_becter, minmay_temple_entry_wispy,
          uniq_blork_the_orc
D:7:      layout_loops_cross, lemuel_doored_altar, old_standard_altar,
          lemuel_coloured_pillars_altar, serial_shops, nicolae_shop_stone,
          minmay_stone_trees_medium, grunt_ogre_cave,
          chequers_serial_rivers_room_b, st_stairs_14
D:8:      layout_layer_cave
D:9:      layout_stronghold, grunt_dithmenos_smoke,
          nicolae_overflow_crystal_walls, minmay_misc_feat_plants, uniq_psyche,
          uniq_harold
D:10:     layout_basic, uniq_snorg, uniq_josephine, uniq_urug, uniq_erica
D:11:     layout_roguey, minmay_lair_entry_grove, orc_0_dummy, basic_altar,
          chequers_decorated_corner, uniq_grum
D:12:     layout_grid_maze, enter_trove_2
D:13:     layout_loops_ring, serial_shops, nicolae_shop_stone, xom_redecorated
D:14:     layout_small_grid, skrybe_vaults_entry_preservation,
          chequers_serial_rivers_small_b
D:15:     hangedman_slaughterboxes, serial_shops
Lair:1:   layout_cave_pods, basic_altar, st_stairs_13,
          chequers_serial_rivers_micro_c
Lair:2:   layout_layer_cave, minmay_lair_oklob_bushes, minivault_25,
          zaba_anthell
Lair:3:   layout_misc_corridors, st_stairs_7
Lair:4:   layout_long_grid, minmay_shoals_entry_beasts,
          nicolae_spider_entry_tight_spaces, beast_lair_carwin_10
Lair:5:   layout_loops_ring, lookout_lair_type, lemuel_oklob_altar
Lair:6:   gammafunk_lair_ancient_temple, layout_gridlike,
          minmay_slime_entry_eyes, pond, uniq_nessos

Skill      XL: |  1  2  3  4  5  6  7  8  9 10 11 12 13 14 15 |
---------------+----------------------------------------------+-----
Necromancy     | 5 6 7 9 12 13 14 | 14.2
Spellcasting   | 3 4 5 7 |  7.6
Short Blades   | 6 7 10 | 10.0
Armour         | 2 6 9 10 | 10.1
Shields        | 2 5 9 10 | 10.3
Dodging        | 4 6 8 10 | 10.0
Ice Magic      | 3 6 8 9 |  9.1
Evocations     | 4 |  4.0
Earth Magic    | 4 9 |  9.3
Stealth        | |  2.4

Action                   |  1- 3 |  4- 6 |  7- 9 | 10-12 | 13-15 || total
-------------------------+-------+-------+-------+-------+-------++-------
Melee: Dagger            |    26 |    86 |    36 |       |   209 ||   357
       Rapier            |       |       |   156 |   562 |   527 ||  1245
       Flail             |       |       |       |       |    26 ||    26
 Cast: Pain              |    31 |     7 |     2 |    11 |     7 ||    58
       Animate Skeleton  |     8 |     3 |    14 |    37 |    34 ||    96
       Vampiric Draining |     2 |    54 |    95 |   221 |   403 ||   775
       Animate Dead      |       |       |     2 |     9 |    15 ||    26
       Agony             |       |       |       |    18 |    26 ||    44
       Borgnjor's Vile C |       |       |       |       |     9 ||     9
Invok: Receive Corpses   |       |       |       |     6 |    14 ||    20
       Brand Weapon With |       |       |       |       |     1 ||     1
 Abil: Heal Wounds       |       |       |       |     3 |     1 ||     4
Evoke: Wand              |       |       |       |     3 |    18 ||    21
  Use: Scroll            |       |       |     7 |     6 |     8 ||    21
       Potion            |       |       |       |     5 |    11 ||    16
 Stab: Sleeping          |     1 |       |     7 |     3 |     1 ||    12
       Distracted        |       |       |     1 |     6 |     5 ||    12
       Confused          |       |       |       |     3 |     2 ||     5
       Paralysed         |       |       |       |       |     6 ||     6
  Eat: Chunk             |     1 |    14 |    21 |    39 |    48 ||   123
       Ration            |       |       |     2 |     5 |     7 ||    14
Armor: Robe              |     4 |    14 |     6 |       |       ||    24
       Leather armour    |       |       |    60 |    45 |       ||   105
       Ring mail         |       |       |       |    51 |   231 ||   282
Dodge: Dodged            |    22 |   108 |   242 |   428 |   742 ||  1542
Block: Other             |       |       |    15 |     4 |       ||    19
       Kite shield       |       |       |       |   576 |   866 ||  1442
       Reflection        |       |       |       |     4 |       ||     4

Table legend:
 A = Non-vault XP
 B = Vault XP
 C = Vault XP percentage of total XP
 D = Non-vault monster count
 E = Vault monster count
 F = Vault count percentage of total count
                 A         B        C        D         E       F
            +---------+---------+-------+---------+---------+-------
      Total |   60859 |   51479 |  45.8 |     439 |     188 |  30.0
            +---------+---------+-------+---------+---------+-------
        D:1 |      44 |       0 |   0.0 |      25 |       0 |   0.0
        D:2 |      53 |     193 |  78.5 |      18 |       4 |  18.2
        D:3 |     136 |       0 |   0.0 |      26 |       0 |   0.0
        D:4 |     131 |     493 |  79.0 |      14 |       5 |  26.3
        D:5 |     412 |     264 |  39.1 |       8 |       1 |  11.1
        D:6 |    1090 |      90 |   7.6 |      17 |       1 |   5.6
        D:7 |    1171 |     122 |   9.4 |      25 |       1 |   3.8
        D:8 |     730 |       0 |   0.0 |      15 |       0 |   0.0
        D:9 |     940 |    2759 |  74.6 |      18 |       4 |  18.2
       D:10 |     712 |    1898 |  72.7 |       6 |       5 |  45.5
       D:11 |    3619 |    1844 |  33.8 |      33 |      15 |  31.2
       D:12 |    5491 |       0 |   0.0 |      44 |       0 |   0.0
       D:13 |    5611 |       0 |   0.0 |      53 |       0 |   0.0
       D:14 |    6814 |    4920 |  41.9 |      21 |       9 |  30.0
       D:15 |       0 |   18571 | 100.0 |       0 |      40 | 100.0
     Lair:1 |    2922 |      88 |   2.9 |      15 |       1 |   6.2
     Lair:2 |    1984 |    3899 |  66.3 |       6 |      43 |  87.8
     Lair:3 |    7922 |       0 |   0.0 |      23 |       0 |   0.0
     Lair:4 |    2793 |    4897 |  63.7 |      12 |      19 |  61.3
     Lair:5 |   10719 |     910 |   7.8 |      34 |       4 |  10.5
     Lair:6 |    7565 |   10531 |  58.2 |      26 |      36 |  58.1
            +---------+---------+-------+---------+---------+-------
